AoeStats
← Maty

Marketplace

505494108Analyzed
1v1 RM · 22d ago on Sep 9, 2026· 26m 9s· 2 players
Game mode
Random Map
Map size
Tiny (2 player)
Population
200
Speed
Normal
Resources
Standard
Victory
Conquest
Starting age
Dark Age
Ending age
Imperial Age
RankedLock teamsTeams togetherTeam positionsShared explorationLock speedFull tech treeHidden civsTurbo modeCheats
Victory
Defeat
🇹🇼 Goths · Taiwan
1928
+14
🇪🇨 Saracens · Ecuador
1887
-14
Maty
6:35 Loom
8:43 Feudal Age
9:34 Double-Bit Axe
16:00 Fletching
17:08 Padded Archer Armor
18:03 Town Watch
21:26 Castle Age
21:20 Gold Mining
21:42 Crossbowman
22:18 Bodkin Arrow
肉肉小狗
5:58 Loom
8:05 Feudal Age
11:30 Double-Bit Axe
14:35 Fletching
19:47 Castle Age
18:24 Gold Mining
19:49 Crossbowman
20:25 Bodkin Arrow
20:49 Bow Saw
23:54 Ballistics
24:41 Horse Collar
Connection lost

Rejoining the realm…

Still unreachable

The connection could not be restored.

Session expired

The server has moved on; the page needs a fresh start.